 Dungeon Crawl Stone Soup version 0.31-a0-986-g5e6e4ef867 (webtiles) character file.

Game seed: 1635360224612503728

3407 strifetoe the Cleaver (level 9, -3/82 HPs)
             Began as a Minotaur Monk on Nov 19, 2023.
             Slain by a gnoll sergeant
             ... wielding the +11 halberd "Jellyslayer" {flame, rElec rCorr Dex+2}
              (24 damage)
             ... in a bailey.
             The game lasted 00:11:47 (7968 turns).

strifetoe the Cleaver (Minotaur Monk)               Turns: 7968, Time: 00:11:48

Health: -3/82      AC: 11    Str: 18 (20) XL:     9   Next: 75%
Magic:  0/8        EV: 13    Int:  5 (7)  God:
Gold:   355        SH:  4    Dex: 10 (13) Spells: 8/8 levels left

rFire   . . .        a - +1 hand axe
rCold   . . .        o - -1 buckler of Blue Satisfaction {rPois}
rNeg    . . .        l - +1 chain mail
rPois   +            (helmet restricted)
rElec   .            (no cloak)
rCorr   .            (no gloves)
SInv    .            (no boots)
Will    +....        t - amulet of guardian spirit Stlth
                     k - +5 ring of evasion
HPRegen 0.33/turn    j - ring of willpower
MPRegen 0.11/turn

%: guardian spirit
@: hasted, very quick
A: horns 2, retaliatory headbutt
a: no special abilities


You were in a bailey.
You visited 2 branches of the dungeon, and saw 9 of its levels.
You also visited: Sewer and Bailey.

You collected 355 gold pieces.

Inventory:

Hand Weapons
 a - a +1 hand axe (weapon)
 q - a +2 morningstar of protection
Missiles
 r - 4 throwing nets
Armour
 l - a +1 chain mail (worn)
 o - the -1 buckler of Blue Satisfaction (worn) {rPois}
   (You found it on level 2 of the Dungeon)

   rPois:     It protects you from poison
Jewellery
 j - a ring of willpower (right hand)
 k - a +5 ring of evasion (left hand)
 t - an amulet of guardian spirit (around neck)
Wands
 d - a wand of polymorph (1)
Scrolls
 g - a scroll of immolation
 i - 4 scrolls of enchant weapon
 n - 3 scrolls of teleportation
 v - a scroll of enchant armour
 w - 3 scrolls of fear
Potions
 b - a potion of attraction
 c - a potion of ambrosia
 e - 5 potions of curing
 f - 2 potions of resistance
 h - 3 potions of lignification
 p - a potion of haste


   Skills:
 + Level 8.3 Fighting
 - Level 12.3 Axes
 + Level 7.2 Armour
 - Level 3.2 Dodging
 - Level 5.0 Shields


You had 8 spell levels left.
You didn't know any spells.
Your spell library contained the following spells:

 Spells                   Type           Power      Damage    Failure   Level
 Dazzling Flash           Conj/Hex       0%         N/A       100%        3
 Agony                    Necr           0%         N/A       100%        5
 Silence                  Hex/Air        0%         N/A       100%        5


Dungeon Overview and Level Annotations

Branches:
Dungeon (8/15)             Temple (1/1) D:4           Sewer (visited)
 Bailey (1/1)
   Lair: D:8-11

Altars:
Ashenzari
Cheibriados
Dithmenos
Elyvilon
Fedhas
Kikubaaqudgha
Makhleb
Nemelex Xobeh
Ru
Sif Muna
Trog
Uskayaw
Vehumet
Wu Jian
Yredelemnul
Zin
The Shining One

Shops:
D:5 *

Annotations:
D:3 3 runed translucent doors, kd29's ghost, amateur TrWr; scatmancrothers's ghost, weakling MiFi; serber55's ghost, amateur OpIE


Innate Abilities, Weirdness & Mutations

You have a pair of horns on your head.
You reflexively headbutt those who attack you in melee.


Message History

* * * LOW HITPOINT WARNING * * *
You feel much better. The wolf bites you but does no damage.
Okay, then.
The wolf bites you but does no damage.
The gnoll sergeant hits you with the +11 halberd "Jellyslayer" {flame, rElec rCorr Dex+2}!
The gnoll sergeant burns you.
The gnoll sergeant hits you with a +0 glaive.
Unknown command.
You barely miss the gnoll sergeant. You hit the gnoll sergeant.
You hit the wolf but do no damage. The wolf bites you.
* * * LOW HITPOINT WARNING * * *
Unknown command.
You hit the gnoll sergeant but do no damage.
You closely miss the wolf. You hit the gnoll sergeant.
The wolf completely misses you.
The gnoll sergeant hits you with a +0 glaive!
* * * LOW HITPOINT WARNING * * *
Unknown command.
You feel better. The wolf closely misses you. You furiously retaliate!
You headbutt the wolf.
The gnoll sergeant hits you with the +11 halberd "Jellyslayer" {flame, rElec rCorr Dex+2}!
* * * LOW HITPOINT WARNING * * *
The gnoll sergeant burns you.
* * * LOW HITPOINT WARNING * * *
You feel better. The wolf closely misses you. You furiously retaliate!
You headbutt the wolf!
You kill the wolf!
The gnoll sergeant misses you.
You hit the gnoll sergeant but do no damage.
Your headbutt misses the gnoll sergeant.
You barely miss the gnoll sergeant. The gnoll sergeant barely misses you.
You furiously retaliate!
You headbutt the gnoll sergeant! You block the gnoll sergeant's attack.
Unknown command.
You hit the gnoll sergeant but do no damage.
You headbutt the gnoll sergeant, but do no damage.
The gnoll sergeant is heavily wounded.
You hit the gnoll sergeant but do no damage.
The gnoll sergeant hits you with the +11 halberd "Jellyslayer" {flame, rElec rCorr Dex+2}!!
You die...

♣≈ ##.....## ♣≈
##.).## ♣≈ ##)## ♣≈
#)).# ≈♣ ♣≈## #).)#
#≈♣ ♣≈.# #..(# .≈♣
♣≈.######'''######.≈♣
♣≈.......gg........≈♣
♣≈≈......@).......≈≈♣
♣♣≈≈≈≈≈≈≈...≈≈≈≈≈≈≈♣
♣♣...............♣
♣♣♣.....))....♣♣♣
♣♣.......♣♣♣♣
♣♣♣♣.).♣♣ ♣♣)♣♣ ♣†♣
♣∩♣


You could see 2 gnoll sergeants.

Vanquished Creatures
  Psyche (D:8)
  Maggie (D:7)
  A steam dragon (D:7)
  Menkaure (D:7)
  A water moccasin (D:6)
  An orc warrior (D:8)
  2 black bears
  2 wolves (Bailey)
  2 ogres
  3 phantoms
  A centaur (D:7)
  A kobold brigand (D:6)
  4 bullfrogs
  2 gnoll sergeants (Bailey)
  A scorpion (D:6)
  An electric eel (D:7)
  2 howler monkeys
  4 orc priests
  2 gnoll boudas (Bailey)
  6 hounds
  A jelly (D:7)
  A sleepcap (D:5)
  5 iguanas
  3 orc wizards
  5 gnolls (Bailey)
  12 adders
  6 river rats (Sewer)
  A shadow imp (D:7)
  A white imp (D:6)
  3 worms
  4 dart slugs
  30 orcs
  15 ball pythons
  8 bats
  10 endoplasms
  5 giant cockroaches
  15 goblins
  7 hobgoblins
  9 jackals
  A quokka (D:1)
  5 frilled lizards
  10 kobolds
  13 rats
209 creatures vanquished.

Notes
Turn   | Place    | Note
-------+----------+-------------------------------------------
     0 | D:1      | strifetoe the Minotaur Monk began the quest for the Orb.
     0 | D:1      | Reached XP level 1. HP: 19/19 MP: 0/0
    47 | D:1      | Found a faded altar of an unknown god.
    88 | D:1      | Reached skill level 4 in Axes
   117 | D:1      | Reached XP level 2. HP: 23/26 MP: 1/1
   269 | D:1      | Reached skill level 5 in Axes
   272 | D:1      | Reached XP level 3. HP: 29/31 MP: 2/2
  1229 | D:2      | Reached skill level 6 in Axes
  1229 | D:2      | Reached XP level 4. HP: 39/39 MP: 3/3
  1497 | D:2      | Identified the -1 buckler of Blue Satisfaction {rPois}
  2130 | D:3      | Noticed scatmancrothers's ghost (weakling MiFi)
  2130 | D:3      | Noticed serber55's ghost (amateur OpIE)
  2130 | D:3      | Noticed kd29's ghost (amateur TrWr)
  2130 | D:3      | Found a runed translucent gate.
  2130 | D:3      | Found a runed translucent gate.
  2130 | D:3      | Found a runed translucent gate.
  2188 | D:3      | Found a bloodstained altar of Trog.
  2406 | D:3      | Found a glowing drain.
  2570 | Sewer    | Entered a sewer
  2591 | Sewer    | Reached skill level 7 in Axes
  2591 | Sewer    | Reached XP level 5. HP: 45/45 MP: 4/4
  3724 | D:4      | Found a broken altar of Ashenzari.
  3813 | D:4      | Reached skill level 8 in Axes
  3829 | D:4      | Found a staircase to the Ecumenical Temple.
  3843 | Temple   | Entered the Ecumenical Temple
  3939 | D:4      | Reached XP level 6. HP: 51/51 MP: 5/5
  4032 | D:4      | Found a shimmering blue altar of Sif Muna.
  4541 | D:5      | Entered Level 5 of the Dungeon
  4556 | D:5      | Found a glowing silver altar of Zin.
  4592 | D:5      | Identified the +9 rapier "Zet Hocs" {pain, rN+++ Will-}
  4615 | D:5      | Reached skill level 9 in Axes
  4635 | D:5      | Reached XP level 7. HP: 34/57 MP: 6/6
  4804 | D:5      | Found Pusesm's General Store.
  4908 | D:5      | Reached skill level 10 in Axes
  5372 | D:6      | Reached skill level 11 in Axes
  5423 | D:6      | Reached XP level 8. HP: 62/64 MP: 7/7
  5573 | D:6      | Reached skill level 12 in Axes
  5677 | D:6      | Reached skill level 1 in Armour
  5677 | D:6      | Reached skill level 1 in Shields
  6203 | D:7      | Noticed Menkaure
  6215 | D:7      | Killed Menkaure
  6216 | D:7      | Reached skill level 5 in Fighting
  6527 | D:7      | Reached XP level 9. HP: 60/75 MP: 8/8
  6583 | D:7      | Noticed Maggie
  6604 | D:7      | Killed Maggie
  6798 | D:8      | Reached skill level 5 in Armour
  6798 | D:8      | Reached skill level 5 in Shields
  7042 | D:8      | Found a blossoming altar of Fedhas.
  7043 | D:8      | Found an ancient bone altar of Kikubaaqudgha.
  7053 | D:8      | Noticed Psyche
  7071 | D:8      | Killed Psyche
  7222 | D:8      | Found a flagged portal.
  7242 | Bailey   | Entered a bailey
  7870 | Bailey   | Identified the +11 halberd "Jellyslayer" {flame, rElec
                  | rCorr Dex+2}
  7968 | Bailey   | Slain by a gnoll sergeant

Illustrated notes

Levels and vault maps discovered:
D:1:      dpeg_arrival_rooms_c, layout_basic,
          shapermc_ecumenical_altar_notcrosses, minmay_misc_feat_rows,
          serial_bayou_pond_c, corexii_item_surrounded_by_moat,
          minmay_indecisive_spiral
D:2:      layout_basic, serial_park_tiny_2, minmay_splitting_lines
D:3:      layout_basic, trog_three_pillars_becter,
          mainiacjoe_sewer_entry_somewhere_in_here_2, gammafunk_ghost_cemetery
D:4:      layout_basic, cheibrodos_ashenzari_chains, marbit_many_paths,
          minmay_temple_entry_junction_2
D:5:      layout_rooms, mainiacjoe_overflow_surrounded_room, serial_shops,
          kennysheep_little_box
D:6:      layout_gridville
D:7:      layout_cave_pods, nicolae_lava_and_water, uniq_maggie, uniq_menkaure
D:8:      layout_rooms, grunt_temple_overflow_growth_and_decay, enter_bailey_4,
          uniq_psyche
Temple:   nicolae_temple_ecumenical_triangle
Bailey:   bailey_polearm_gnolls_kennysheep, bailey

Skill      XL: |  1  2  3  4  5  6  7  8  9 |
---------------+----------------------------+-----
Axes           | 4 5 6 7 8 9 11 12 | 12.3
Armour         | 4 7 |  7.2
Shields        | 4 5 |  5.0
Fighting       | 5 8 |  8.3
Dodging        | |  3.2

Action                     |  1- 3 |  4- 6 |  7- 9 || total
---------------------------+-------+-------+-------++-------
  Melee: Hand axe          |    67 |   220 |   358 ||   645
         Headbutt          |    13 |    29 |    77 ||   119
  Evoke: Wand              |       |       |    15 ||    15
    Use: Scroll            |       |     6 |     6 ||    12
         Potion            |       |       |    11 ||    11
 Armour: Robe              |    14 |       |       ||    14
         Ring mail         |    12 |       |       ||    12
         Chain mail        |    11 |   108 |   214 ||   333
         Skin              |       |       |    16 ||    16
  Dodge: Dodged            |    25 |   128 |   183 ||   336
  Block: Buckler           |       |    20 |    46 ||    66

Table legend: (Time is in decaauts)
 A = Elapsed time spent in this place.
 B = Non-inter-level travel time spent in this place.
 C = Inter-level travel time spent in this place.
 D = Time resting spent in this place.
 E = Time spent auto-exploring this place.
 F = Levels seen in this place.
 G = Mean time per level.
                   A        B        C        D        E       F      G
               +--------+--------+--------+--------+--------+-----+--------+
         Total |   8013 |   7697 |    316 |    850 |   5363 |  11 |  728.5 |
       Dungeon |   6527 |   6224 |    303 |    365 |   4697 |   8 |  815.9 |
        Temple |     33 |     20 |     13 |      0 |      0 |   1 |   33.0 |
         Sewer |    754 |    754 |      0 |      0 |    612 |   1 |  754.0 |
        Bailey |    698 |    698 |      0 |    485 |     54 |   1 |  698.0 |
               +--------+--------+--------+--------+--------+-----+--------+

Top non-repeatable levels by time:
     D:1: 1159 daAuts
     D:2: 982 daAuts
     D:3: 957 daAuts
     D:4: 814 daAuts
     D:6: 808 daAuts
     D:5: 789 daAuts
   Sewer: 754 daAuts
  Bailey: 698 daAuts
     D:7: 674 daAuts
     D:8: 342 daAuts
  Temple: 33 daAuts
